 Seeded DCSS version 0.30-a0-986-g7f2e898f52 (webtiles) character file.

Game seed: 3425090202442293766 (custom seed)

23081 DeathPants the Carver (level 13, -15/72 HPs)
             Began as a Vine Stalker Monk on Apr 1, 2023.
             Was an Initiate of Gozag.
             Killed from afar by an efreet (26 damage)
             ... with a bolt of fire
             ... on level 13 of the Dungeon.
             The game lasted 00:33:11 (10743 turns).

DeathPants the Carver (Vine Stalker Monk)          Turns: 10743, Time: 00:33:12

Health: -15/72     AC: 16    Str: 17    XL:     13   Next: 4%
Magic:  0/24       EV: 16    Int:  7    God:    Gozag
Gold:   1513       SH:  0    Dex: 27    Spells: 10/26 levels left

rFire   . . .      SeeInvis .    a - +3 scimitar (venom)
rCold   . . .      Faith    .    (no shield)
rNeg    . . .      Spirit   +    G - +2 robe of a Hundred Friends {rElec Str+4 Int-5 Slay+3}
rPois   .          Reflect  .    M - +1 helmet
rElec   +          Rampage  .    (no cloak)
rCorr   .                        m - +2 pair of gloves
Will    +....                    s - +2 pair of boots
Stlth   ++++                     K - amulet of regeneration
HPRegen 1.92/turn                H - ring of Symmetry {+Blink Fly Dex+6}
MPRegen 0.19/turn                R - +4 ring of protection

@: flying, studying Long Blades
A: fangs 3, regeneration 1, magic shield, antimagic bite, no potion heal 2
a: Renounce Religion, Evoke Blink, Potion Petition, Call Merchant, Bribe Branch


You were on level 13 of the Dungeon.
You worshipped Gozag.
Gozag was most pleased with you.
You visited 2 branches of the dungeon, and saw 14 of its levels.
You also visited: Bailey.

You collected 1800 gold pieces.
You spent 287 gold pieces at shops.

Inventory:

Hand Weapons
 a - a +3 scimitar of venom (weapon)
 b - a +1 triple sword of holy wrath
 y - a +0 rapier
 O - a +2 dagger of chaos
Missiles
 h - 3 atropa-tipped darts (quivered)
 l - 26 poisoned darts
 n - 2 throwing nets
 u - 4 curare-tipped darts
 v - 5 javelins
 C - 17 boomerangs
Armour
 m - a +2 pair of gloves (worn)
 s - a +2 pair of boots (worn)
 G - the +2 robe of a Hundred Friends (worn) {rElec Str+4 Int-5 Slay+3}
   (You found it on level 5 of the Dungeon)

   Str:       It affects your strength (+4).
   Int:       It affects your intelligence (-5).
   Slay:      It affects your accuracy & damage with ranged weapons and melee
   (+3).
   rElec:     It insulates you from electricity.
 M - a +1 helmet (worn)
 P - a +2 robe of resistance
Jewellery
 e - a ring of see invisible
 o - an amulet of the acrobat
 F - a ring of magical power
 H - the ring of Symmetry (left hand) {+Blink Fly Dex+6}
   (You acquired it on level 4 of the Dungeon)

   [ring of dexterity]

   Dex:       It affects your dexterity (+6).
   Fly:       It grants you flight.
   +Blink:    It lets you blink.
 K - an amulet of regeneration (around neck)
 R - a +4 ring of protection (right hand)
 T - a +6 ring of intelligence
Wands
 t - a wand of polymorph (3)
 E - a wand of light (4)
 I - a wand of flame (12)
 Q - a wand of charming (6)
Scrolls
 d - 2 scrolls of silence
 f - 5 scrolls of fog
 p - 4 scrolls of magic mapping
 w - 9 scrolls of teleportation
 D - 2 scrolls of blinking
 J - 2 scrolls of vulnerability
 S - 2 scrolls of identify
Potions
 c - 3 potions of ambrosia
 g - 4 potions of mutation
 i - 4 potions of might
 j - 3 potions of resistance
 q - 6 potions of curing
 r - 2 potions of brilliance
 x - a potion of attraction
 z - 3 potions of haste
 A - a potion of flight
 B - 2 potions of invisibility
 L - 2 potions of lignification
 N - 3 potions of magic


   Skills:
 + Level 9.9 Fighting
 + Level 13.1 Long Blades
 - Level 4.5 Dodging
 - Level 6.3 Stealth
 - Level 7.1 Spellcasting
 + Level 8.8 Summonings
 + Level 9.4 Necromancy


You had 10 spell levels left.
You knew the following spells:

 Your Spells              Type           Power      Damage    Failure   Level
a - Sublimation of Blood  Necr           15%        N/A       1%          2
b - Summon Hydra          Summ           7%         N/A       99%         7
c - Haunt                 Necr/Summ      7%         N/A       99%         7

Your spell library contained the following spells:

 Spells                   Type           Power      Damage    Failure   Level
 Cigotuvi's Dreadful Rot  Necr/Pois/Air  12%        N/A       10%         2
 Blink                    Tloc           4%         N/A       34%         2
 Poisonous Vapours        Pois/Air       4%         N/A       34%         2
 Wereblood                Tmut           2%         N/A       34%         2
 Mephitic Cloud           Conj/Pois/Air  2%         N/A       56%         3
 Manifold Assault         Tloc           2%         N/A       92%         4
 Storm Form               Tmut/Air       1%         N/A       100%        7
 Infestation              Necr           7%         N/A       100%        8
 Animate Dead             Necr           Unusable   N/A       N/A         4

Dungeon Overview and Level Annotations

Branches:
Dungeon (13/15) Temple (1/1) D:5 Lair (0/5) D:10 Orc (0/2) D:10 Vaults (0/5) D:12 D:13 Bailey (visited)

Altars:
Ashenzari
Cheibriados
Dithmenos
Elyvilon
Fedhas
Gozag
Hepliaklqana
Kikubaaqudgha
Makhleb
Nemelex Xobeh
Okawaru
Qazlal
Ru
Sif Muna
Trog
Uskayaw
Vehumet
Wu Jian
Xom
Yredelemnul
Zin
The Shining One

Shops:
D:2 ?(   D:6 *=   D:13 ?

Annotations:
D:6 3 runed translucent doors, jimonade's ghost, novice HOFi
D:9 2 transporters, retardedninja's ghost, journeyman AtFi
D:11 2 transporters, Guhyiji's ghost, amateur FoDe
D:13 Nessos; Urug
Temple 4 transporters


Innate Abilities, Weirdness & Mutations

You have razor-sharp teeth.
Your natural rate of healing is unusually fast.
When hurt, damage is shared between your health and your magic reserves.
Your bite disrupts and absorbs the magic of your enemies.
Potions cannot restore your health.


Message History

You are more poisoned.
The human closely misses you.
The human is distracted by your dazzling golden aura.
The human shouts!
There is a stone staircase leading up, spattered with blood here.
You feel extremely sick.
The human is no longer distracted by gold.
The two-headed ogre hits you with a +0 giant club!
* * * LOW HITPOINT WARNING * * *
The two-headed ogre barely misses you.
The two-headed ogre hits you but does no damage.
The two-headed ogre completely misses you.
The ogre barely misses you.
Nessos is distracted by your dazzling golden aura.
The human hits you but does no damage.
The human is distracted by your dazzling golden aura.
Urug says, "They call me one-eyed Urug.
When I'm done with you they'll have to call you no-head DeathPants."
The human shouts!
You fly upwards.
* * * LOW HITPOINT WARNING * * *
You feel extremely sick.
There is a stone staircase leading down, spattered with blood here.
Blink to where?
Press: ? - help, Dir - move target
As you read the scroll of blinking, it crumbles to dust.
* * * LOW HITPOINT WARNING * * *
You feel very sick.
The human is no longer distracted by gold.
Your system rejects the healing.
You feel better.
You fly downwards.
Level annotation: Nessos; Urug The goblin shouts!
The gnoll shouts!
The goblin changes into a river rat!
Found a scale mail.
Found Taulo's Magic Scroll Shoppe.
Found five shimmering altars of Xom.
There is a stone staircase leading up here.
The efreet gestures at you. The bolt of fire hits you!!
You die...
Your body crumbles into a pile of gold.

.. #.. ..### ..#
.#.##..# #####
#......###.
#..[._ ..#.......
#._...##.#.....
#r.__.#..#..#
#<.@..#
#._...##...R○#
########..###....
#..#∩#.... ...#+#
### ..... ......
.......


You could see an efreet.

Vanquished Creatures
  2 vault guards (Bailey)
  An ogre mage (D:12)
  2 boulder beetles
  5 two-headed ogres
  Pikel (D:9)
  2 deep elf pyromancers (D:12)
  2 ugly things
  A cyclops (D:11)
  A manticore (D:11)
  A gargoyle (D:12)
  Psyche (D:9)
  Prince Ribbit (Bailey)
  3 trolls
  Grinder (D:4)
  A hornet (D:8)
  Sigmund (D:3)
  2 wyverns
  2 shadows
  A vampire (D:12)
  21 yaks
  24 humans
  A steam dragon (D:8)
  2 wargs (D:10)
  6 vampire mosquitoes
  2 acid dragons
  4 orc warriors
  2 ice beasts
  A sky beast (D:7)
  2 black bears (D:5)
  4 ogres
  A lemure (D:9)
  4 centaurs
  2 kobold brigands
  A gnoll sergeant (D:6)
  3 scorpions (D:6)
  9 bullfrogs
  5 killer bees (D:11)
  5 howler monkeys
  A crimson imp (D:4)
  11 hounds
  A jelly (D:6)
  8 orc priests
  2 sleepcaps (D:6)
  Terence (D:3)
  2 iguanas (D:6)
  6 orc wizards
  3 gnolls (D:6)
  5 adders
  A shadow imp (D:5)
  A worm (D:2)
  14 dart slugs
  34 orcs
  8 ball pythons
  7 bats
  5 endoplasms
  3 giant cockroaches
  12 goblins
  9 hobgoblins
  A jackal (D:7)
  11 kobolds
  A quokka (D:2)
  4 frilled lizards
  A goblin skeleton (D:4)
  A goblin zombie (D:4)
  A hobgoblin zombie (D:4)
  A kobold skeleton (D:4)
  2 kobold zombies (D:4)
  An orc skeleton (D:4)
  13 rats
301 creatures vanquished.

Notes
Turn   | Place    | Note
-------+----------+-------------------------------------------
     0 | D:1      | DeathPants the Vine Stalker Monk began the quest for the
                  | Orb.
     0 | D:1      | Reached XP level 1. HP: 11/11 MP: 2/2
   124 | D:1      | Identified 2 scrolls of acquirement
   124 | D:1      | Acquired a +2 scimitar of holy wrath
   128 | D:1      | Acquired a +0 triple sword of holy wrath
   161 | D:1      | Reached XP level 2. HP: 11/16 MP: 1/3
   287 | D:1      | Found a faded altar of an unknown god.
   662 | D:1      | Reached XP level 3. HP: 20/20 MP: 4/4
   759 | D:2      | Reached skill level 3 in Long Blades
   767 | D:2      | Found Nareh's Weapon Boutique.
   977 | D:2      | Gained mutation: Your natural rate of healing is unusually
                  | fast. [Vine Stalker growth]
   977 | D:2      | Reached XP level 4. HP: 19/24 MP: 3/5
  1071 | D:2      | Found Lipoy's Magic Scroll Boutique.
  1076 | D:2      | Bought 2 scrolls of identify for 44 gold pieces
  1076 | D:2      | Bought a scroll of identify for 22 gold pieces
  2011 | D:3      | Noticed Sigmund
  2022 | D:3      | Killed Sigmund
  2023 | D:3      | Reached XP level 5. HP: 26/29 MP: 3/6
  2023 | D:3      | Reached XP level 6. HP: 29/33 MP: 3/7
  2057 | D:4      | Noticed Grinder
  2172 | D:3      | Noticed Terence
  2183 | D:3      | Killed Terence
  2662 | D:3      | Reached skill level 4 in Long Blades
  2677 | D:4      | Paralysed by Grinder for 3 turns
  2683 | D:4      | Killed Grinder
  2684 | D:4      | Reached skill level 5 in Stealth
  2684 | D:4      | Reached XP level 7. HP: 38/38 MP: 8/8
  2767 | D:4      | Found a glowing golden altar of the Shining One.
  2837 | D:5      | Entered Level 5 of the Dungeon
  2933 | D:4      | You fall into a shaft and drop 1 floor!
  2970 | D:5      | Identified the +2 robe of a Hundred Friends {rElec Str+4
                  | Int-5 Slay+3}
  3317 | D:4      | Acquired a manual of Long Blades
  3319 | D:4      | Acquired the ring of Symmetry {+Blink Fly Dex+6}
  3714 | D:4      | Found a white marble altar of Elyvilon.
  3714 | D:4      | Found an ornate altar of the Wu Jian Council.
  3714 | D:4      | Found a basalt altar of Yredelemnul.
  4027 | D:5      | Found a staircase to the Ecumenical Temple.
  4064 | Temple   | Entered the Ecumenical Temple
  4064 | Temple   | Found a transporter.
  4064 | Temple   | Found a transporter.
  4066 | Temple   | Found a transporter.
  4066 | Temple   | Found a transporter.
  4110 | D:5      | Reached skill level 5 in Long Blades
  4110 | D:5      | Gained mutation: You have razor-sharp teeth. [Vine Stalker
                  | growth]
  4110 | D:5      | Reached XP level 8. HP: 42/42 MP: 9/9
  4129 | D:5      | Found an iron altar of Okawaru.
  4150 | D:5      | Learned a level 2 spell: Sublimation of Blood
  4173 | D:5      | Reached skill level 5 in Fighting
  4296 | D:6      | Reached skill level 1 in Spellcasting
  4301 | D:6      | Reached skill level 1 in Necromancy
  4844 | D:6      | Found a bloodstained altar of Trog.
  4883 | D:6      | Reached skill level 6 in Long Blades
  4959 | D:6      | Found Kausagei's Jewellery Shop.
  4972 | D:6      | Found Xyeg's General Store.
  4976 | D:6      | Bought a scroll of fear for 52 gold pieces
  4976 | D:6      | Bought 2 scrolls of teleportation for 78 gold pieces
  4976 | D:6      | Bought a scroll of teleportation for 39 gold pieces
  5287 | D:6      | Found a glowing silver altar of Zin.
  5304 | D:6      | Learned a level 7 spell: Summon Hydra
  5322 | D:6      | Found a runed translucent gate.
  5323 | D:6      | Found a runed translucent gate.
  5323 | D:6      | Noticed jimonade's ghost (novice HOFi)
  5324 | D:6      | Found a runed translucent gate.
  5426 | D:6      | Reached XP level 9. HP: 48/48 MP: 14/14
  5438 | D:6      | Reached skill level 1 in Summonings
  5549 | D:6      | Reached skill level 7 in Long Blades
  6353 | D:6      | Noticed a rust devil
  6353 | D:6      | Noticed a rust devil
  6427 | D:7      | Reached skill level 8 in Long Blades
  6432 | D:7      | Reached XP level 10. HP: 37/53 MP: 17/17
  6447 | D:7      | Reached skill level 5 in Spellcasting
  6447 | D:7      | Reached skill level 5 in Necromancy
  6619 | D:8      | Found a hide-covered altar of Uskayaw.
  6705 | D:8      | Noticed a purple ugly thing
  6719 | D:8      | Killed a purple ugly thing
  6720 | D:8      | Reached skill level 9 in Long Blades
  6969 | D:8      | Reached skill level 5 in Summonings
  7330 | D:10     | Entered Level 10 of the Dungeon
  7346 | D:9      | Reached XP level 11. HP: 38/58 MP: 21/21
  7417 | D:10     | Learned a level 7 spell: Haunt
  7422 | D:10     | Learned a level 4 spell: Animate Dead
  7484 | D:10     | Found an opulent altar of Gozag.
  7485 | D:10     | Found a sparkling altar of Nemelex Xobeh.
  7492 | D:10     | Became a worshipper of Gozag Ym Sagoz the Greedy
  7517 | D:10     | Found a staircase to the Lair.
  7533 | D:10     | Reached skill level 10 in Long Blades
  7827 | D:10     | Found a staircase to the Orcish Mines.
  7935 | D:10     | Found a flagged portal.
  7956 | Bailey   | Entered a bailey
  8035 | Bailey   | Noticed Prince Ribbit
  8035 | Bailey   | Noticed a vault guard
  8041 | Bailey   | Killed Prince Ribbit
  8044 | Bailey   | Killed a vault guard
  8104 | Bailey   | Noticed a vault guard
  8117 | Bailey   | Killed a vault guard
  8571 | D:6      | Bought a scroll of amnesia for 52 gold pieces
  8609 | D:9      | Noticed retardedninja's ghost (journeyman AtFi)
  8611 | D:9      | Noticed a moth of wrath
  8710 | D:9      | Found a stormy altar of Qazlal.
  8853 | D:9      | Noticed Psyche
  8860 | D:9      | Killed Psyche
  8916 | D:9      | Noticed Pikel
  8925 | D:9      | Killed Pikel
  8926 | D:9      | Reached skill level 11 in Long Blades
  9054 | D:9      | Found a transporter.
  9075 | D:9      | Found a transporter.
  9385 | D:11     | Noticed a two-headed ogre
  9394 | D:11     | Killed a two-headed ogre
  9395 | D:11     | Reached XP level 12. HP: 39/65 MP: 23/23
  9450 | D:11     | Noticed Guhyiji's ghost (amateur FoDe)
  9461 | D:11     | Found a transporter.
  9465 | D:11     | Noticed a boulder beetle
  9485 | D:11     | Killed a boulder beetle
  9617 | D:11     | Found a transporter.
  9716 | D:12     | Noticed a two-headed ogre
  9726 | D:12     | Killed a two-headed ogre
  9728 | D:12     | Reached skill level 12 in Long Blades
 10256 | D:12     | Noticed a boulder beetle
 10268 | D:12     | Killed a boulder beetle
 10291 | D:13     | Noticed Nessos
 10291 | D:13     | Noticed Urug
 10291 | D:13     | Noticed a two-headed ogre
 10291 | D:13     | Noticed an ogre mage
 10291 | D:13     | Noticed a two-headed ogre
 10291 | D:13     | Noticed a two-headed ogre
 10291 | D:13     | Noticed a two-headed ogre
 10291 | D:13     | Noticed a two-headed ogre
 10291 | D:13     | Found a gate to the Vaults.
 10298 | D:12     | Killed a two-headed ogre
 10320 | D:12     | Killed an ogre mage
 10325 | D:12     | HP: 3/67 [troll (4)]
 10325 | D:12     | HP: 1/67 [troll (2)]
 10634 | D:12     | Killed a two-headed ogre
 10643 | D:12     | Killed a two-headed ogre
 10664 | D:12     | Reached skill level 13 in Long Blades
 10674 | D:12     | Reached XP level 13. HP: 63/72 MP: 24/24
 10738 | D:12     | HP: 1/72 [poisoned by Nessos]
 10741 | D:13     | Found a shimmering altar of Xom.
 10741 | D:13     | Found a shimmering altar of Xom.
 10741 | D:13     | Found a shimmering altar of Xom.
 10741 | D:13     | Found a shimmering altar of Xom.
 10741 | D:13     | Found a shimmering altar of Xom.
 10741 | D:13     | Found Taulo's Magic Scroll Shoppe.
 10743 | D:13     | Killed from afar by an efreet

Illustrated notes

Levels and vault maps discovered:
D:1:      minmay_arrival_loop, layout_basic, ebering_ecumenical_altar_webs,
          moated_statue, minmay_tetromino_s2
D:2:      minmay_angry_zag, layout_basic, serial_shops,
          nicolae_shop_behind_doors, nicolae_shop_bloodbath_and_beyond,
          minmay_cut_off
D:3:      kennysheep_slugbush, layout_basic, uniq_sigmund, uniq_terence
D:4:      layout_layer_cave, gammafunk_temple_overflow_claw,
          nicolae_tso_besieged_by_evil, minivault_24, uniq_grinder
D:5:      layout_loops_ring, mainiacjoe_overflow_small_starburst,
          minmay_temple_entry_grid, minmay_misc_feat_square
D:6:      cheibrodos_iron_armory, layout_basic, bloody_trog, marbit_many_paths,
          serial_shops, shop, shop, biasface_ghost_orc_armoury,
          minmay_manual_mares
D:7:      erik_cavepeople, layout_basic
D:8:      layout_gridville, nicolae_uskayaw_dance_hall
D:9:      layout_loops_corners, grunt_qazlal_clouds,
          gammafunk_ghost_berserking_beasts, uniq_psyche, uniq_pikel
D:10:     layout_loops_ring, grunt_temple_overflow_opulence,
          erik_lair_orcish_takeover, orc_0_dummy, enter_bailey_5
D:11:     layout_loops_cross, gammafunk_ghost_stat_death
D:12:     layout_long_grid
D:13:     minmay_the_grid_octo_tiled_squarecenter [minmay_the_grid_octo_focus,
          minmay_the_grid_octo_clover, minmay_the_grid_octo_fat_diamond,
          minmay_the_grid_octo_vomiting_pacman,
          minmay_the_grid_square_5x5_megaprize_hollow,
          minmay_the_grid_square_5x5_fat_x,
          minmay_the_grid_square_5x5_two_walls_b,
          minmay_the_grid_square_5x5_hourglass,
          minmay_the_grid_square_5x5_sharp_hourglass], layout_cave_pools,
          david_vaults_3, serial_shops, nicolae_shop_window_shopping,
          gammafunk_ghost_spectres, columned_hall_lemuel, xom_shifter_show
Temple:   hellmonk_temple_divided_pantheon

Skill      XL: |  1  2  3  4  5  6  7  8  9 10 11 12 |
---------------+-------------------------------------+-----
Fighting       | 3 4 5 6 7 8 9 |  9.9
Stealth        | 3 4 5 6 |  6.3
Long Blades    | 3 4 5 6 8 9 11 13 | 13.1
Dodging        | 3 4 |  4.5
Spellcasting   | 2 4 6 7 |  7.1
Necromancy     | 2 4 6 7 9 |  9.4
Summonings     | 3 5 7 8 |  8.8

Action                     |  1- 3 |  4- 6 |  7- 9 | 10-12 | 13-15 || total
---------------------------+-------+-------+-------+-------+-------++-------
  Melee: Falchion          |     8 |       |       |       |       ||     8
         Bite              |    17 |    19 |    54 |   159 |     6 ||   255
         Scimitar          |    72 |    83 |   190 |   427 |    19 ||   791
         Punch             |       |     1 |     3 |     5 |       ||     9
         Triple sword      |       |       |       |     7 |       ||     7
  Throw: Dart              |       |     3 |     3 |       |       ||     6
         Throwing net      |       |     1 |       |       |       ||     1
    Use: Scroll            |     3 |     8 |    15 |    15 |     1 ||    42
         Potion            |       |       |       |     1 |     1 ||     2
   Stab: Sleeping          |     3 |     4 |    10 |     9 |       ||    26
         Invisible         |       |     1 |       |       |       ||     1
         Distracted        |       |       |       |     2 |       ||     2
 Armour: Robe              |    31 |     3 |    38 |   119 |    25 ||   216
         Ring mail         |       |     9 |    29 |       |       ||    38
  Dodge: Dodged            |    89 |    82 |   159 |   375 |    32 ||   737

Table legend: (Time is in decaauts)
 A = Elapsed time spent in this place.
 B = Non-inter-level travel time spent in this place.
 C = Inter-level travel time spent in this place.
 D = Time resting spent in this place.
 E = Time spent auto-exploring this place.
 F = Levels seen in this place.
 G = Mean time per level.
                   A        B        C        D        E       F      G
               +--------+--------+--------+--------+--------+-----+--------+
         Total |  10768 |  10404 |    364 |    203 |   6967 |  15 |  717.9 |
       Dungeon |  10413 |  10049 |    364 |    203 |   6789 |  13 |  801.0 |
        Temple |     27 |     27 |      0 |      0 |      1 |   1 |   27.0 |
        Bailey |    326 |    326 |      0 |      0 |    177 |   1 |  326.0 |
               +--------+--------+--------+--------+--------+-----+--------+

Top non-repeatable levels by time:
     D:4: 1259 daAuts
     D:6: 1017 daAuts
     D:3: 974 daAuts
     D:2: 973 daAuts
     D:9: 965 daAuts
     D:7: 905 daAuts
     D:5: 810 daAuts
     D:1: 759 daAuts
    D:10: 716 daAuts
    D:12: 714 daAuts
     D:8: 698 daAuts
    D:11: 605 daAuts
  Bailey: 326 daAuts
  Temple: 27 daAuts
    D:13: 13 daAuts
